[Event "Titled Tuesday Blitz May 24 Early 2022"]
[White "Sismeiro, Miguel"]
[Black "Estrada Nieto, Julian"]
[WhiteFideId "1950975"]
[BlackFideId "5101018"]
[WhiteElo "2031"]
[BlackElo "2252"]
[Result "1-0"]
[Round "06"]
[TimeControl "180+1"]
[Date "2022.05.25"]
[WhiteClock "0:00:19"]
[BlackClock "0:00:04"]

1. e4 e5 2. Nc3 Nf6 3. Bc4 Nc6 4. d3 Bc5 5. f4 exf4 6. Bxf4 d6 7. Nf3 Nd4 8. Qd2 c6 9. Nxd4 Bxd4 10. O-O-O b5 11. Bb3 O-O 12. Rdf1 a5 13. a4 Qb6 14. Kb1 Be6 15. Bxe6 fxe6 16. Bxd6 Rfd8 17. e5 Bxc3 18. Qxc3 Nd5 19. Qb3 bxa4 20. Qxb6 Nxb6 21. Bc7 Nd5 22. Bxd8 Rxd8 23. Re1 Rb8 24. Kc1 Rb5 25. Re4 a3 26. bxa3 Nc3 27. Ree1 c5 28. Kd2 Nd5 29. Rb1 Rxb1 30. Rxb1 Nf4 31. g3 Nd5 32. Rb5 a4 33. Rxc5 Kf7 34. Rc4 Kg6 35. Rxa4 Kf5 36. Re4 g5 37. a4 Nc7 38. a5 Na6 39. Re1 h5 40. d4 g4 41. Kd3 Nc7 42. Rf1+ Kg5 43. c4 Na6 44. Ke4 Nb4 45. Ra1 Na6 46. Rb1 h4 47. Rb6 hxg3 48. hxg3 Nc7 49. a6 1-0


[Site "https://www.chess.com"]

[Event "Titled Tuesday Blitz May 24 Early 2022"]
[White "Skuhala, Barbara"]
[Black "Iljin, Timofey"]
[WhiteFideId "14605465"]
[BlackFideId "14110180"]
[WhiteElo "2155"]
[BlackElo "2404"]
[Result "1/2-1/2"]
[Round "06"]
[TimeControl "180+1"]
[Date "2022.05.25"]
[WhiteClock "0:01:24"]
[BlackClock "0:01:35"]

1. e4 d5 2. exd5 Nf6 3. Nf3 Bg4 4. Be2 Qxd5 5. c4 Qh5 6. d4 Nc6 7. d5 O-O-O 8. Nc3 e6 9. Be3 exd5 10. cxd5 Nxd5 11. Nxd5 Qxd5 12. Qxd5 Rxd5 13. O-O Bc5 14. Bxc5 Rxc5 15. h3 Bxf3 16. Bxf3 Nd4 17. Be4 Re8 18. Bd3 Rce5 19. Rad1 g6 20. Kh2 Ne6 21. Bc4 Re7 22. Rd2 b5 23. Bb3 Nc5 24. Bd1 Kb7 25. Bf3+ Kb6 26. Rc1 Re1 27. Rcc2 f5 28. b4 Ne4 29. Rd8 Kb7 30. g4 fxg4 31. hxg4 c6 32. Rh8 Kc7 33. Ra8 Kd6 34. Rd8+ Kc7 35. Ra8 Kb6 36. Rb8+ Kc7 37. Ra8 1/2-1/2


[Site "https://www.chess.com"]

[Event "Titled Tuesday Blitz May 24 Early 2022"]
[White "Sokolovsky, Yahli"]
[Black "Przybylski, Wojciech"]
[WhiteFideId "2820242"]
[BlackFideId "1117599"]
[WhiteElo "1770"]
[BlackElo "2133"]
[Result "1-0"]
[Round "06"]
[TimeControl "180+1"]
[Date "2022.05.25"]
[WhiteClock "0:00:31"]
[BlackClock "0:00:01"]

1. b3 e5 2. Bb2 Nc6 3. e3 Nf6 4. Nf3 Bd6 5. d4 exd4 6. exd4 O-O 7. Be2 Re8 8. O-O Bf8 9. d5 Nxd5 10. Qxd5 Rxe2 11. Nc3 Re7 12. Ne4 Nb4 13. Qg5 Kh8 14. Qh4 d5 15. Neg5 Bf5 16. Qxb4 h6 17. Qf4 Bg6 18. Nh3 Re4 19. Qxh6+ Kg8 20. Qg5 Be7 21. Qd2 Bd6 22. Nhg5 Rg4 23. h3 Bf4 24. Qd4 f6 25. hxg4 1-0


[Site "https://www.chess.com"]

[Event "Titled Tuesday Blitz May 24 Early 2022"]
[White "Steenbekkers, Franck"]
[Black "Petrova, Irina"]
[WhiteFideId "1004220"]
[BlackFideId "14124122"]
[WhiteElo "2018"]
[BlackElo "1993"]
[Result "1-0"]
[Round "06"]
[TimeControl "180+1"]
[Date "2022.05.25"]
[WhiteClock "0:02:06"]
[BlackClock "0:01:10"]

1. e4 c5 2. Nf3 Nc6 3. Bb5 g6 4. O-O Bg7 5. c3 Nf6 6. Re1 O-O 7. d4 cxd4 8. cxd4 d5 9. e5 Ne4 10. Nc3 Nxc3 11. bxc3 Bg4 12. h3 Bxf3 13. Qxf3 Rc8 14. Bd3 e6 15. Qg3 Na5 16. Bg5 Qc7 17. Rac1 Nc4 18. h4 Rfe8 19. h5 a6 20. Qh4 b5 21. Bf6 Bf8 22. g3 Nb2 23. hxg6 fxg6 24. Bxg6 hxg6 25. Qh8+ Kf7 26. Qh7+ 1-0


[Site "https://www.chess.com"]

[Event "Titled Tuesday Blitz May 24 Early 2022"]
[White "Stevens, Christian"]
[Black "Quirke, Jeffrey"]
[WhiteFideId "2604450"]
[BlackFideId "2013029"]
[WhiteElo "2482"]
[BlackElo "2230"]
[Result "1-0"]
[Round "06"]
[TimeControl "180+1"]
[Date "2022.05.25"]
[WhiteClock "0:00:24"]
[BlackClock "0:00:42"]

1. d4 d5 2. Bf4 e6 3. e3 Nf6 4. Nd2 c5 5. c3 Nc6 6. Bd3 Bd6 7. Bxd6 Qxd6 8. f4 O-O 9. a3 b6 10. Ngf3 Bb7 11. Ne5 Ne7 12. Qf3 a5 13. g4 a4 14. g5 Ne8 15. Rg1 Nf5 16. Qh3 Kh8 17. g6 Nf6 18. gxf7 h6 19. Ng6+ Kh7 20. Nxf8+ Rxf8 21. Bxf5+ exf5 22. Qxf5+ Kh8 23. Qg6 Rxf7 24. Qxf7 1-0


[Site "https://www.chess.com"]

[Event "Titled Tuesday Blitz May 24 Early 2022"]
[White "Suleymanli, Suleyman"]
[Black "Papasimakopoulos, Alexandros"]
[WhiteFideId "13416375"]
[BlackFideId "4244125"]
[WhiteElo "1598"]
[BlackElo "2340"]
[Result "0-1"]
[Round "06"]
[TimeControl "180+1"]
[Date "2022.05.25"]
[WhiteClock "0:00:08"]
[BlackClock "0:00:09"]

1. Nf3 d5 2. d4 Nf6 3. g3 Bf5 4. Bg2 e6 5. c4 c6 6. Nc3 Nbd7 7. cxd5 exd5 8. Bf4 Be7 9. O-O O-O 10. Ne5 Re8 11. Qd2 Nb6 12. b3 Nc8 13. f3 Bb4 14. a3 Bxc3 15. Qxc3 Nd6 16. g4 Bg6 17. h4 h5 18. Nxg6 fxg6 19. g5 Nh7 20. Be5 Nf5 21. Qe1 Qb6 22. Qf2 Nf8 23. e4 Ne7 24. b4 a5 25. Rab1 axb4 26. Rxb4 Qa7 27. Bd6 Qxa3 28. Bc5 Qa6 29. Rb6 Qa7 30. Rxc6 Qb8 31. Rb6 Nd7 32. Bd6 Qc8 33. Rb2 Qc6 34. Bg3 Nb6 35. Rfb1 Nc4 36. Rxb7 Qe6 37. Kh2 Rf8 38. Qe2 Nc6 39. Bh3 Qe8 40. Qd3 Ra2+ 41. Bg2 Nd2 42. R1b2 Rxb2 43. Rxb2 Nc4 44. Re2 Nb4 45. Qc3 Qb5 46. Bh3 Kh7 47. exd5 Nxd5 48. Qd3 Qc6 49. Qe4 Nd6 50. Qe6 Nf4 51. Bxf4 Rxf4 52. Bg2 Rxh4+ 53. Kg3 Rxd4 54. Kh2 Qc7 55. Qe5 Qc4 56. Rc2 Qb4 57. Rc6 Rh4+ 58. Kg3 Nf5+ 59. Kf2 Qd2+ 60. Qe2 Qd4+ 61. Ke1 Rh2 62. Qf2 Qa1+ 63. Ke2 Qa2+ 64. Kf1 Qb1+ 65. Ke2 Qb5+ 66. Ke1 Qxc6 67. f4 Qe6+ 68. Kf1 Ne3+ 69. Kg1 Rxg2+ 70. Qxg2 Nxg2 71. Kh2 Qg4 72. f5 Nf4 73. fxg6+ Kxg6 74. Kh1 Qg2# 0-1


[Site "https://www.chess.com"]

[Event "Titled Tuesday Blitz May 24 Early 2022"]
[White "Svane, Rasmus"]
[Black "Vajda, Levente"]
[WhiteFideId "4657101"]
[BlackFideId "1203975"]
[WhiteElo "2674"]
[BlackElo "2573"]
[Result "1-0"]
[Round "06"]
[TimeControl "180+1"]
[Date "2022.05.24"]
[WhiteClock "0:01:17"]
[BlackClock "0:00:16"]

1. Nf3 Nf6 2. g3 g6 3. Bg2 Bg7 4. O-O O-O 5. d4 d6 6. Re1 Nbd7 7. e4 e5 8. Nc3 c6 9. a4 a5 10. Be3 h6 11. h3 Kh7 12. Qd2 Re8 13. Rad1 Qe7 14. d5 c5 15. Bf1 Rf8 16. Nh2 Ng8 17. Bd3 Ndf6 18. Kg2 Qd7 19. g4 Qe7 20. Nf1 Ne8 21. b3 Nc7 22. Nb1 b6 23. Ng3 Bf6 24. Na3 Ba6 25. Bxa6 Nxa6 26. Nc4 Rab8 27. f4 Bh4 28. fxe5 dxe5 29. d6 Qe6 30. Qd5 Nb4 31. Qxe6 fxe6 32. Re2 Nc6 33. d7 Nd4 34. Red2 Rf3 35. Nf1 Rbf8 36. Nxe5 R3f6 37. c3 1-0


[Site "https://www.chess.com"]

[Event "Titled Tuesday Blitz May 24 Early 2022"]
[White "Swiercz, Dariusz"]
[Black "Bortnyk, Olexandr"]
[WhiteFideId "1126881"]
[BlackFideId "14120828"]
[WhiteElo "2627"]
[BlackElo "2723"]
[Result "1-0"]
[Round "06"]
[TimeControl "180+1"]
[Date "2022.05.24"]
[WhiteClock "0:00:07"]
[BlackClock "0:00:03"]

1. d4 d6 2. Nf3 Nf6 3. Bg5 Nbd7 4. Nbd2 c6 5. e3 e5 6. Bd3 Be7 7. O-O O-O 8. c4 Re8 9. Qc2 exd4 10. exd4 Nf8 11. Rfe1 h6 12. Bh4 Ne6 13. Ne4 Nxe4 14. Bxe7 Rxe7 15. Bxe4 Nf8 16. Re3 Bg4 17. Rae1 Bxf3 18. Bxf3 Rxe3 19. Rxe3 Qf6 20. Qc3 Rc8 21. g3 Rd8 22. Kg2 a6 23. d5 Qxc3 24. Rxc3 c5 25. Rb3 Rd7 26. Rb6 Ng6 27. Bg4 Re7 28. Rxd6 Re4 29. Rd8+ Nf8 30. Bc8 g6 31. b3 b5 32. Bxa6 bxc4 33. Bxc4 Kg7 34. a4 Re1 35. a5 Ra1 36. a6 g5 37. d6 Ng6 38. d7 Ne5 39. Rg8+ Kxg8 40. d8=Q+ Kg7 41. Qc8 g4 42. Bd5 h5 43. Qc7 Nd3 44. Qxf7+ Kh6 45. Qf6+ Kh7 46. Be4+ Kg8 47. Qxa1 h4 48. Bxd3 h3+ 49. Kg1 c4 50. Bxc4+ 1-0


[Site "https://www.chess.com"]

[Event "Titled Tuesday Blitz May 24 Early 2022"]
[White "Tanenbaum, Zachary"]
[Black "Derraugh, Geordie"]
[WhiteFideId "2060850"]
[BlackFideId "2603950"]
[WhiteElo "2168"]
[BlackElo "2116"]
[Result "1-0"]
[Round "06"]
[TimeControl "180+1"]
[Date "2022.05.25"]
[WhiteClock "0:01:44"]
[BlackClock "0:02:05"]

1. e4 c5 2. Nf3 d6 3. d4 cxd4 4. Nxd4 Nf6 5. Nc3 a6 6. Be3 e5 7. Nb3 Be6 8. h3 Nbd7 9. g4 h6 10. Qd2 b5 11. O-O-O Nb6 12. Kb1 b4 13. Nd5 Nbxd5 14. exd5 Bxd5 15. Rg1 Qb8 16. f4 Be7 17. g5 hxg5 18. fxg5 Bxb3 19. gxf6 Bxa2+ 20. Kxa2 gxf6 21. Bg2 Qd8 22. Bc6+ 1-0


[Site "https://www.chess.com"]

[Event "Titled Tuesday Blitz May 24 Early 2022"]
[White "Tasev, Dejan"]
[Black "Bryakin, Mikhail"]
[WhiteFideId "936618"]
[BlackFideId "4165314"]
[WhiteElo "2253"]
[BlackElo "2417"]
[Result "0-1"]
[Round "06"]
[TimeControl "180+1"]
[Date "2022.05.25"]
[WhiteClock "0:00:15"]
[BlackClock "0:00:11"]

1. e4 e5 2. Nf3 d5 3. Nxe5 dxe4 4. d4 Be6 5. Nc4 Nf6 6. Ne3 c5 7. Bb5+ Nc6 8. Bxc6+ bxc6 9. c3 cxd4 10. cxd4 Bb4+ 11. Nc3 O-O 12. O-O Re8 13. a3 Bxc3 14. bxc3 Nd5 15. Nxd5 cxd5 16. Bf4 Rc8 17. Qd2 Qa5 18. Rfc1 Rc4 19. Qe1 Rec8 20. Bd2 h6 21. Rcb1 Qc7 22. Rb3 a5 23. Rab1 Qd6 24. h3 f5 25. f4 Kh7 26. Qg3 R8c7 27. Rb6 R4c6 28. R6b3 Bf7 29. Kh2 Bh5 30. Rb5 Ra6 31. a4 Be2 32. Rb7 Rac6 33. Rxc7 Rxc7 34. Qf2 Bd3 35. Rb2 Qc6 36. Ra2 Rb7 37. Qh4 Bc4 38. Ra1 Rb2 39. Be1 Qg6 40. Qg3 Qh5 41. Bf2 Qe2 42. Kg1 Bd3 43. Re1 Qh5 44. Kh2 Ra2 45. Rc1 Rxa4 46. c4 Rxc4 47. Ra1 a4 48. Qe3 Qg6 49. Bg3 Qc6 50. Qe1 Rc2 51. Qa5 e3 52. Qd8 Be4 53. Rb1 Rxg2+ 54. Kh1 Rxg3+ 55. Kh2 Rg2+ 56. Kh1 Rb2+ 0-1


[Site "https://www.chess.com"]

[Event "Titled Tuesday Blitz May 24 Early 2022"]
[White "Tomaszewski, Kacper"]
[Black "Zavgorodniy, Sergiy"]
[WhiteFideId "1127373"]
[BlackFideId "14110148"]
[WhiteElo "2153"]
[BlackElo "2420"]
[Result "0-1"]
[Round "06"]
[TimeControl "180+1"]
[Date "2022.05.25"]
[WhiteClock "0:00:48"]
[BlackClock "0:01:28"]

1. Nf3 Nf6 2. g3 d6 3. Bg2 e5 4. O-O Be7 5. c4 c6 6. Nc3 O-O 7. Rb1 Re8 8. b4 Bf8 9. Ne1 d5 10. cxd5 cxd5 11. d4 e4 12. Nc2 h6 13. f3 exf3 14. Bxf3 Bh3 15. Re1 Bf5 16. Rb2 Ne4 17. Nxe4 Bxe4 18. Ne3 Nc6 19. a3 Qd7 20. Ng2 Rad8 21. Be3 Bd6 22. Bf2 Re7 23. Ra2 Rde8 24. Ra1 g5 25. Qd2 Qf5 26. b5 Nb8 27. Ne3 Qe6 28. Bg4 f5 29. Bh5 Nd7 30. Bxe8 Rxe8 31. Ng2 f4 32. gxf4 Qh3 33. Ne3 Bxf4 0-1


[Site "https://www.chess.com"]

[Event "Titled Tuesday Blitz May 24 Early 2022"]
[White "Tregubov, Pavel V."]
[Black "Martin, Lewis"]
[WhiteFideId "4115341"]
[BlackFideId "410551"]
[WhiteElo "2341"]
[BlackElo "2145"]
[Result "1-0"]
[Round "06"]
[TimeControl "180+1"]
[Date "2022.05.25"]
[WhiteClock "0:00:53"]
[BlackClock "0:00:13"]

1. e4 c5 2. Nf3 d6 3. Bb5+ Bd7 4. Bxd7+ Qxd7 5. O-O Nc6 6. c3 g6 7. d4 cxd4 8. cxd4 Bg7 9. Nc3 Nf6 10. h3 O-O 11. e5 Ne8 12. Bf4 Rd8 13. Re1 dxe5 14. dxe5 Qxd1 15. Raxd1 Nc7 16. Bg3 Rxd1 17. Rxd1 Rd8 18. Rxd8+ Nxd8 19. Nd4 Nde6 20. Nxe6 Nxe6 21. f4 Kf8 22. Kf2 Ke8 23. Ke3 Kd7 24. Ke4 Nc5+ 25. Kd5 Nd3 26. b3 b6 27. Kc4 Nc5 28. b4 Ne6 29. Nd5 Bh6 30. Bh2 Nd8 31. b5 Ne6 32. g3 Nc5 33. Nb4 Bg7 34. Nc6 a6 35. Nb8+ Kc7 36. Nxa6+ Nxa6 37. bxa6 Kb8 38. Kb5 Ka7 39. Bg1 1-0


[Site "https://www.chess.com"]

[Event "Titled Tuesday Blitz May 24 Early 2022"]
[White "Tristan, Leonardo"]
[Black "Golubev, Mikhail"]
[WhiteFideId "113816"]
[BlackFideId "14100983"]
[WhiteElo "2404"]
[BlackElo "2374"]
[Result "1-0"]
[Round "06"]
[TimeControl "180+1"]
[Date "2022.05.24"]
[WhiteClock "0:00:43"]
[BlackClock "0:00:04"]

1. d4 Nf6 2. Nf3 d6 3. Bf4 g6 4. e3 Bg7 5. Be2 b6 6. O-O Bb7 7. h3 O-O 8. Bh2 c5 9. c3 Nbd7 10. a4 a6 11. Nbd2 Ne4 12. Nxe4 Bxe4 13. Qb3 d5 14. Qa3 c4 15. Nd2 Bf5 16. e4 dxe4 17. Nxc4 Be6 18. Ne3 f5 19. Bf4 Nf6 20. Rfd1 Nd5 21. Nxd5 Bxd5 22. c4 Bf7 23. b4 Qd7 24. Qe3 Rfc8 25. d5 b5 26. cxb5 Bxa1 27. Rxa1 Qxd5 28. bxa6 Qe6 29. Bb5 Rxa6 30. Bxa6 Qxa6 31. b5 Qf6 32. Rb1 e5 33. Bg5 Qd6 34. b6 Qd3 35. Qxd3 exd3 36. b7 Rb8 37. a5 Bc4 38. Rb6 f4 39. a6 d2 40. a7 d1=Q+ 41. Kh2 1-0


[Site "https://www.chess.com"]

[Event "Titled Tuesday Blitz May 24 Early 2022"]
[White "Tymrakiewicz, Rafal"]
[Black "Hasangatin, Ramil"]
[WhiteFideId "1108832"]
[BlackFideId "4122160"]
[WhiteElo "2205"]
[BlackElo "2399"]
[Result "1/2-1/2"]
[Round "06"]
[TimeControl "180+1"]
[Date "2022.05.25"]
[WhiteClock "0:00:35"]
[BlackClock "0:00:55"]

1. e4 d5 2. exd5 Qxd5 3. d4 e5 4. Nf3 Bg4 5. Be2 e4 6. Nc3 Bb4 7. Ne5 Bxe2 8. Qxe2 Qxd4 9. Qb5+ Nd7 10. Nxd7 Bxc3+ 11. bxc3 Qxc3+ 12. Ke2 Qxc2+ 13. Ke3 O-O-O 14. Nc5 Qc3+ 15. Ke2 Qc2+ 16. Ke3 Qc3+ 17. Ke2 Qc2+ 18. Ke3 1/2-1/2


[Site "https://www.chess.com"]

[Event "Titled Tuesday Blitz May 24 Early 2022"]
[White "Vainio, Ville"]
[Black "Chernomordik, Pavel"]
[WhiteFideId "507270"]
[BlackFideId "2804530"]
[WhiteElo "2231"]
[BlackElo "2220"]
[Result "0-1"]
[Round "06"]
[TimeControl "180+1"]
[Date "2022.05.25"]
[WhiteClock "0:00:02"]
[BlackClock "0:01:27"]

1. e4 g6 2. d4 Bg7 3. Nc3 d6 4. Bg5 h6 5. Be3 a6 6. a4 b6 7. Qd2 Bb7 8. f3 Nd7 9. g4 e6 10. h4 Ne7 11. Nh3 d5 12. e5 c5 13. f4 cxd4 14. Bxd4 Nc6 15. Bf2 Nc5 16. Bg2 Qe7 17. O-O O-O-O 18. a5 bxa5 19. Na4 Ne4 20. Bxe4 dxe4 21. Qe3 Nd4 22. c3 Nb5 23. Nb6+ Kb8 24. Rxa5 Rd3 25. Qe2 Rxh3 26. Rxb5 e3 27. Nd7+ Qxd7 0-1


[Site "https://www.chess.com"]

[Event "Titled Tuesday Blitz May 24 Early 2022"]
[White "Vakhlamov, Igor L."]
[Black "Xiong, Jeffery"]
[WhiteFideId "24126748"]
[BlackFideId "2047640"]
[WhiteElo "2401"]
[BlackElo "2727"]
[Result "0-1"]
[Round "06"]
[TimeControl "180+1"]
[Date "2022.05.24"]
[WhiteClock "0:00:02"]
[BlackClock "0:00:07"]

1. e4 c5 2. Nf3 d6 3. Nc3 Nf6 4. d4 cxd4 5. Qxd4 Nc6 6. Bb5 Bd7 7. Bxc6 Bxc6 8. Bg5 Nd7 9. O-O-O Qa5 10. Kb1 Rc8 11. Rhe1 h6 12. Bh4 e5 13. Qd3 Qa6 14. Qxa6 bxa6 15. Nd2 Nb6 16. f3 Be7 17. Bxe7 Kxe7 18. Nf1 Ke6 19. Ne3 g6 20. Ncd5 Bxd5 21. Nxd5 Rc5 22. Ne3 f5 23. b3 f4 24. Ng4 h5 25. Nf2 Rb8 26. Nd3 Rc7 27. Nb4 Rbc8 28. Re2 a5 29. Nd5 Rc5 30. Red2 Nxd5 31. Rxd5 R5c6 32. R1d2 a4 33. Kb2 g5 34. h3 Ra6 35. c4 g4 36. hxg4 hxg4 37. Kc3 axb3 38. axb3 Rh8 39. Kb2 Rh2 40. R5d3 Kf6 41. Rxd6+ Rxd6 42. Rxd6+ Kg5 43. fxg4 Rxg2+ 44. Kc3 f3 45. Rd8 Rxg4 46. Kd2 Rxe4 47. Rf8 Re2+ 48. Kd3 e4+ 49. Kd4 f2 50. c5 e3 51. c6 Re1 52. c7 e2 53. c8=Q Rd1+ 54. Ke3 e1=Q+ 55. Kf3 f1=Q# 0-1


[Site "https://www.chess.com"]

[Event "Titled Tuesday Blitz May 24 Early 2022"]
[White "Vidonyak, Roman"]
[Black "Zemlyanskii, Ivan"]
[WhiteFideId "14100622"]
[BlackFideId "24249971"]
[WhiteElo "2375"]
[BlackElo "1815"]
[Result "1-0"]
[Round "06"]
[TimeControl "180+1"]
[Date "2022.05.25"]
[WhiteClock "0:00:04"]
[BlackClock "0:00:08"]

1. d4 Nf6 2. c4 e6 3. Nc3 Bb4 4. e3 O-O 5. Bd2 c5 6. a3 Bxc3 7. Bxc3 cxd4 8. Qxd4 Nc6 9. Qh4 b6 10. Rd1 Qe7 11. Nf3 Rd8 12. Bd3 h6 13. g4 d5 14. g5 Ne4 15. Bxg7 Kxg7 16. Qxh6+ Kg8 17. Rg1 Qf8 18. Qh5 Qg7 19. g6 f5 20. Nh4 Ne5 21. Bxe4 fxe4 22. Rg3 Ba6 23. Ng2 Bxc4 24. Nf4 Nd3+ 25. Rxd3 Bxd3 26. Nxe6 Rac8 27. Nxg7 Rc1+ 28. Kd2 Rc2+ 29. Kd1 Be2+ 30. Kxc2 Bxh5 31. Nxh5 Rc8+ 32. Kd2 Rc5 33. g7 Rc6 34. h4 Rh6 35. Rg5 Rd6 36. Nf4 d4 37. exd4 Rxd4+ 38. Ke3 Rd1 39. Kxe4 Rd7 40. h5 Re7+ 41. Kf5 Rf7+ 42. Kg4 Rd7 43. h6 Rd8 44. f3 Rc8 45. Kh5 Kh7 46. g8=Q+ Rxg8 47. Rxg8 Kxg8 48. Kg6 Kf8 49. h7 Ke7 50. h8=Q Kd6 51. Qf6+ Kc5 52. Qc3+ Kb5 53. Kf6 Ka6 54. Ke6 b5 55. Qc6+ Ka5 56. Nd3 Ka4 57. Qa6+ Kb3 58. Qxb5+ Ka2 59. Qc4+ Kb1 60. Qc1+ Ka2 61. b4 Kb3 62. Nc5+ Ka2 63. Qc2+ Kxa3 64. Nb3 Kxb4 65. Kd5 a5 66. Qc4+ Ka3 67. Nc5 Kb2 68. Qb3+ Kc1 69. Kd4 Kd2 70. Qc3+ Ke2 71. Qe3+ Kf1 72. Nd3 Kg2 73. f4 Kh2 74. Ne1 1-0


[Site "https://www.chess.com"]

[Event "Titled Tuesday Blitz May 24 Early 2022"]
[White "Vignesh, N R"]
[Black "Coto Mederos, Michel"]
[WhiteFideId "25012215"]
[BlackFideId "3508528"]
[WhiteElo "2363"]
[BlackElo "2427"]
[Result "0-1"]
[Round "06"]
[TimeControl "180+1"]
[Date "2022.05.25"]
[WhiteClock "0:00:02"]
[BlackClock "0:00:02"]

1. e4 e5 2. Nf3 Nc6 3. Bb5 a6 4. Ba4 Nf6 5. O-O b5 6. Bb3 Bc5 7. c3 d6 8. d4 Bb6 9. Be3 O-O 10. Nbd2 Bg4 11. h3 Bh5 12. dxe5 dxe5 13. Bxb6 cxb6 14. Qe2 Qc7 15. Rfd1 Rfd8 16. Nf1 Na5 17. Bc2 Nc4 18. Rxd8+ Rxd8 19. Rb1 h6 20. g4 Bg6 21. Nh4 Bh7 22. Nf5 Bxf5 23. exf5 e4 24. Bb3 Ne5 25. Rd1 Nf3+ 26. Kg2 Re8 27. Qe3 h5 28. g5 Nh4+ 29. Kh1 Nxf5 30. Qd2 e3 31. fxe3 Ne4 32. Qd7 Qxd7 33. Rxd7 Nxg5 34. Rb7 Nxe3 35. Nxe3 Rxe3 36. h4 Rh3+ 37. Kg2 Rxh4 38. Rxb6 Rg4+ 39. Kf1 h4 40. Rxa6 h3 41. a4 h2 42. Bd5 bxa4 43. c4 Rg1+ 44. Kf2 h1=Q 45. Bxh1 Rxh1 46. Rxa4 Rb1 47. b4 Rb3 48. c5 Ne6 49. c6 g5 50. Ke1 Kg7 51. Kd2 g4 52. Kc2 Nd4+ 53. Kd2 Nxc6 54. b5 Rxb5 55. Rxg4+ Kf6 56. Ke3 Ne5 57. Ra4 Kf5 58. Rf4+ Ke6 59. Ra4 Rb3+ 60. Ke4 f5+ 61. Kf4 Ng6+ 62. Kg5 Rg3+ 63. Kh5 Ne5 64. Ra6+ Kd5 65. Ra4 Rg4 66. Ra5+ Kd4 67. Ra4+ Nc4 68. Ra5 Ke4 69. Ra4 Kf3 70. Rb4 Ne3 71. Rb3 Rg1 0-1


[Site "https://www.chess.com"]

[Event "Titled Tuesday Blitz May 24 Early 2022"]
[White "Vo, Thi Kim Phung"]
[Black "Chuemsakul, Sarocha"]
[WhiteFideId "12401838"]
[BlackFideId "6203710"]
[WhiteElo "2261"]
[BlackElo "1703"]
[Result "1-0"]
[Round "06"]
[TimeControl "180+1"]
[Date "2022.05.25"]
[WhiteClock "0:02:29"]
[BlackClock "0:00:10"]

1. d4 Nf6 2. c4 g6 3. Nc3 Bg7 4. e4 d6 5. Be2 O-O 6. Nf3 e5 7. O-O Nc6 8. d5 Ne7 9. Ne1 Nd7 10. Be3 f5 11. f3 f4 12. Bf2 g5 13. Nd3 h5 14. c5 Nf6 15. Rc1 g4 16. Nb5 Ng6 17. cxd6 cxd6 18. Nc7 Bd7 19. Nxa8 Qxa8 20. Rc7 Qd8 21. Rxb7 g3 22. hxg3 fxg3 23. Bxg3 h4 24. Bf2 Nh5 25. f4 Nhxf4 26. Nxf4 Nxf4 27. Bg4 Bb5 28. Rxb5 1-0


[Site "https://www.chess.com"]

[Event "Titled Tuesday Blitz May 24 Early 2022"]
[White "Wagner, Dennis"]
[Black "Fromm, Marius"]
[WhiteFideId "24650684"]
[BlackFideId "12993190"]
[WhiteElo "2355"]
[BlackElo "2507"]
[Result "0-1"]
[Round "06"]
[TimeControl "180+1"]
[Date "2022.05.25"]
[WhiteClock "0:00:02"]
[BlackClock "0:00:05"]

1. e4 c5 2. c3 Nf6 3. e5 Nd5 4. d4 cxd4 5. Bc4 Nb6 6. Bb3 Nc6 7. cxd4 d6 8. exd6 Qxd6 9. Nf3 Be6 10. O-O Bxb3 11. axb3 e6 12. Nc3 Be7 13. Be3 O-O 14. Qd2 Nd5 15. h3 Qb4 16. Qc2 Rac8 17. Ra4 Qb6 18. Rd1 Rfd8 19. Bg5 h6 20. Be3 Ncb4 21. Qd2 Nxc3 22. bxc3 Nd5 23. c4 Qxb3 24. Rxa7 Rxc4 25. Qd3 Rc3 26. Qb1 Qxb1 27. Rxb1 b6 28. Bd2 Rd3 29. Kf1 Ra3 30. Rxa3 Bxa3 31. Ra1 Be7 32. Ra7 Bf6 33. Ke2 Rb8 34. Kd3 b5 35. Kc2 Rc8+ 36. Kb3 Rc4 37. Rb7 Nc7 38. Bf4 Nd5 39. Rxb5 Rc3+ 40. Kb2 Rxf3 41. gxf3 Nxf4 42. Kc3 Nd5+ 43. Kd3 Kh7 44. Ke4 Kg6 45. Rb7 h5 46. f4 Ne7 47. Ra7 Nf5 48. d5 exd5+ 49. Kxd5 Bh4 50. f3 f6 51. Ke4 Bg3 52. Ra5 Nd6+ 53. Ke3 h4 54. Rd5 Nf5+ 55. Ke4 Ne7 56. f5+ Kg5 57. Rb5 Ng8 58. Rb7 Kh6 59. f4 Kh7 60. Kf3 Nh6 61. Ke4 Kg8 62. Rc7 Kh7 63. Rd7 Kg8 64. Rb7 Kf8 65. Ra7 Kg8 66. Ra5 Kh7 67. Rb5 Nf7 68. Kd5 Nd8 69. Ke4 Nf7 70. Rd5 Nh6 71. Rd7 Kg8 72. Rd8+ Kf7 73. Rc8 Ng8 74. Rc7+ Ne7 75. Rb7 Bf2 76. Kf3 Bc5 77. Kg4 Kf8 78. Rc7 Bd6 79. Rd7 Bc5 80. Kxh4 Nxf5+ 81. Kh5 Ne7 82. Kg4 Kf7 83. f5 Bb4 84. h4 Bc3 85. Rb7 Be5 86. Rb5 Ke8 87. Rc5 Kf7 88. Rc4 g6 89. fxg6+ Kxg6 90. h5+ Kh6 91. Ra4 f5+ 92. Kh4 Bf6+ 93. Kg3 Kxh5 94. Kf4 Kg6 95. Ra6 Nd5+ 96. Kf3 Kg5 97. Ra8 Ne7 98. Rb8 Ng6 99. Rb1 Ne5+ 100. Ke3 Ng4+ 101. Kf3 Ne5+ 102. Ke3 Be7 103. Rg1+ Kf6 104. Rb1 Bc5+ 105. Kf4 Ng6+ 106. Kf3 f4 107. Ke4 Bd6 108. Rb6 Ke6 109. Ra6 Ke7 110. Kf5 Nh4+ 111. Ke4 Bc7 112. Ra7 Kd6 113. Ra8 Ng6 114. Rg8 Ne7 115. Rg7 Kd7 116. Rh7 Bd6 117. Kf3 Ke6 118. Rh6+ Ke5 119. Rh5+ Nf5 120. Rh8 Nd4+ 121. Kf2 Ke4 122. Re8+ Be5 123. Ra8 f3 124. Ra4 Bf6 125. Rb4 Bh4+ 126. Kf1 Ke3 127. Ra4 Bg3 128. Ra8 Bf4 129. Re8+ Kd3 130. Kf2 Bg5 131. Re5 Bh4+ 132. Kf1 Ne2 133. Rd5+ Ke3 134. Re5+ Kf4 135. Re8 Ng3+ 136. Kg1 Bf6 137. Kf2 Bd4+ 138. Ke1 f2+ 139. Kd2 f1=Q 140. Rf8+ Nf5 0-1


[Site "https://www.chess.com"]

[Event "Titled Tuesday Blitz May 24 Early 2022"]
[White "Warchol, Kamil"]
[Black "Domingo Nunez, Ruben"]
[WhiteFideId "21858241"]
[BlackFideId "22245570"]
[WhiteElo "1951"]
[BlackElo "2376"]
[Result "1-0"]
[Round "06"]
[TimeControl "180+1"]
[Date "2022.05.25"]
[WhiteClock "0:00:12"]
[BlackClock "0:00:04"]

1. e4 c6 2. Nc3 d5 3. Nf3 Bg4 4. h3 Bxf3 5. Qxf3 e6 6. d3 Nd7 7. Bd2 g6 8. g4 Bg7 9. Bg2 Ne7 10. Qg3 Qb6 11. O-O-O a5 12. Rhe1 O-O 13. h4 a4 14. a3 d4 15. Na2 c5 16. h5 Rac8 17. Kb1 c4 18. dxc4 Rxc4 19. Bf1 d3 20. c3 Nc5 21. Bxd3 Nxd3 22. Qxd3 Rfc8 23. Be3 Qb3 24. Ka1 Nc6 25. h6 Bf6 26. g5 Be7 27. Qd7 Bf8 28. Qxc8 Nb4 29. Qxc4 Nc2+ 30. Kb1 Nxa3+ 31. Ka1 Nxc4 32. Bc1 a3 33. bxa3 Bxa3 34. Bxa3 f6 35. Rd8+ Kf7 36. Rf8# 1-0


[Site "https://www.chess.com"]

[Event "Titled Tuesday Blitz May 24 Early 2022"]
[White "Xu, Yi"]
[Black "Kozak, Antoni"]
[WhiteFideId "8605564"]
[BlackFideId "21832030"]
[WhiteElo "2471"]
[BlackElo "2322"]
[Result "1-0"]
[Round "06"]
[TimeControl "180+1"]
[Date "2022.05.24"]
[WhiteClock "0:00:22"]
[BlackClock "0:00:02"]

1. e4 c5 2. Nf3 d6 3. d4 cxd4 4. Nxd4 Nf6 5. Nc3 a6 6. f3 e5 7. Nb3 h5 8. Be3 Be6 9. Qd2 Nbd7 10. O-O-O b5 11. Kb1 Be7 12. h4 b4 13. Nd5 Bxd5 14. exd5 a5 15. Bb5 O-O 16. Ba4 Nb6 17. Bxb6 Qxb6 18. Rhe1 Ra7 19. Qe2 Rc8 20. g4 Rac7 21. Nc1 hxg4 22. fxg4 b3 23. Bxb3 Nd7 24. Nd3 Nc5 25. Nxc5 Rxc5 26. a4 e4 27. g5 f5 28. Rf1 Rf8 29. Qh5 Rxc2 30. Bxc2 Rb8 31. b3 Qc5 32. g6 Bf6 33. Rxf5 Qc3 34. Qh7+ Kf8 35. Rxf6+ 1-0


[Site "https://www.chess.com"]